 Dungeon Crawl Stone Soup version 0.31-a0-431-g88bdf31460 (webtiles) character file.

Game seed: 4583147638916938093

16845 drugrobin the Severer (level 11, -13/81 HPs)
             Began as a Demigod Delver on July 31, 2023.
             Mangled by a boulder beetle (43 damage)
             ... on level 11 of the Dungeon.
             The game lasted 00:41:15 (16019 turns).

drugrobin the Severer (Demigod Delver)             Turns: 16019, Time: 00:41:16

Health: -13/81     AC:  6    Str: 25    XL:     11   Next: 85%
Magic:  21/21      EV: 12    Int: 12    God:
Gold:   286        SH:  0    Dex: 15    Spells: 10/18 levels left

rFire   . . .        a - +2 war axe (heavy)
rCold   . . .        (no shield)
rNeg    . . .        Q - +2 leather armour {Will+}
rPois   +            j - +0 hat {Will+}
rElec   .            (no cloak)
rCorr   .            x - +0 pair of gloves
SInv    .            (no boots)
Will    +++..        Z - amulet of magic regeneration
Stlth   +++          u - +4 ring of slaying
HPRegen 0.33/turn    R - ring of poison resistance
MPRegen 0.57/turn

%: no passive effects
@: no status effects
A: high MP 1, forlorn, divine attributes
a: no special abilities


You were on level 11 of the Dungeon.
You visited 1 branch of the dungeon, and saw 11 of its levels.
You also visited: Bailey.

You collected 526 gold pieces.
You spent 240 gold pieces at shops.

Inventory:

Hand Weapons
 a - a +2 heavy war axe (weapon)
 b - a +3 sling of draining
 c - a +7 dagger of holy wrath
 d - a +2 vampiric whip
 e - a +2 trident of holy wrath
 y - a +0 hand axe
 Y - a +0 war axe
Missiles
 l - 4 silver javelins
 t - 26 poisoned darts
 w - 2 atropa-tipped darts
 A - 11 boomerangs (quivered)
 V - 6 curare-tipped darts
Armour
 j - a +0 hat of willpower (worn)
 n - a +2 robe of cold resistance
 q - a +0 troll leather armour
 x - a +0 pair of gloves (worn)
 G - the +0 steam dragon scales "Lufiumm" {rF+ Int+4 Dex+3}
   (You took it off a spriggan in a bailey)

   Int:       It affects your intelligence (+4).
   Dex:       It affects your dexterity (+3).
   rF:        It protects you from fire.
 Q - a +2 leather armour of willpower (worn)
Jewellery
 u - a +4 ring of slaying (left hand)
 E - a ring of ice
 R - a ring of poison resistance (right hand)
 Z - an amulet of magic regeneration (around neck)
Wands
 g - a wand of digging (3)
 o - a wand of charming (21)
 P - a wand of flame (11)
 S - a wand of polymorph (8)
 T - a wand of iceblast (7)
Scrolls
 h - a scroll of enchant armour
 i - 3 scrolls of silence {unknown}
 k - 2 scrolls of enchant weapon
 p - a scroll of blinking {unknown}
 v - 2 scrolls of brand weapon
 z - 3 scrolls of fog
 F - 2 scrolls of fear
 H - 2 scrolls of revelation
 J - 2 scrolls of immolation
 K - 4 scrolls of teleportation
 L - a scroll of amnesia
 N - 3 scrolls of summoning
Potions
 f - 3 potions of haste
 m - 5 potions of curing
 r - 2 potions of enlightenment {unknown}
 s - 2 potions of might {unknown}
 B - 7 potions of heal wounds
 C - 4 potions of mutation {unknown}
 D - 2 potions of lignification
 I - 2 potions of attraction {unknown}
 M - a potion of brilliance {unknown}
 U - 4 potions of ambrosia {unknown}
 W - a potion of invisibility {unknown}
 X - a potion of cancellation {unknown}


   Skills:
 - Level 2.6 Fighting
 + Level 16.9 Axes
 - Level 1.7 Dodging
 - Level 4.5 Stealth
 + Level 4.1 Spellcasting
 - Level 4.0 Evocations


You had 10 spell levels left.
You knew the following spells:

 Your Spells              Type           Power      Damage    Failure   Level
a - Mephitic Cloud        Conj/Pois/Air  2%         N/A       58%         3
b - Call Imp              Summ           4%         N/A       36%         2
c - Swiftness             Air            2%         N/A       58%         3

Your spell library contained the following spells:

 Spells                   Type           Power      Damage    Failure   Level
 Magic Dart               Conj           8%         1d3       26%         1
 Ensorcelled Hibernation  Hex/Ice        4%         N/A       36%         2
 Passwall                 Tmut/Erth      1%         N/A       36%         2
 Scorch                   Fire           4%         2d5       36%         2
 Dazzling Flash           Conj/Hex       4%         N/A       58%         3
 Inner Flame              Hex/Fire       2%         N/A       58%         3
 Volatile Blastmotes      Fire/Tloc      4%         2d10      58%         3
 Flame Wave               Conj/Fire      2%         2d4       94%         4
 Yara's Violent Unravell  Hex/Tmut       1%         3d3       100%        5
 Starburst                Conj/Fire      1%         6d3       100%        6
 Summon Cactus Giant      Summ           1%         N/A       100%        6
 Enfeeble                 Hex            1%         N/A       100%        7
 Maxwell's Capacitive Co  Air            1%         ∞         100%        8


Dungeon Overview and Level Annotations

Branches:
Dungeon (11/15)            Temple (0/1) D:4            Lair (0/5) D:9
    Orc (0/2) D:10         Bailey (visited)

Shops:
D:5 *   D:6 !?**


Innate Abilities, Weirdness & Mutations

You have an increased reservoir of magic. (+10% MP)
You shall have no god before yourself.
Your divine heritage dramatically boosts your attributes as you level up.


Message History

Unknown command.
A yak comes into view.
The cyclops hits you!!
The boulder beetle is engulfed in poison gas.
The boulder beetle looks even sicker.
You see here a yak corpse.
Unknown command.
Unknown command.
Unknown command.
Unknown command.
Unknown command.
Unknown command.
A yak comes into view.
The boulder beetle is engulfed in poison gas.
The boulder beetle looks even sicker.
The yak completely misses you.
A yak comes into view.
The cyclops hits you!!
Things that are here:
a +0 club; a +0 robe; an ogre corpse Unknown command.
Unknown command.
Unknown command.
Unknown command.
Unknown command.
As you read the scroll of fear, it crumbles to dust.
You assume a fearsome visage.
The cyclops looks frightened!
The boulder beetle looks frightened!
The yak looks frightened! x3
Unknown command.
Unknown command.
Unknown command.
Found 24 gold pieces.
V - 6 curare-tipped darts (gained 1) Unknown command.
Unknown command.
Unknown command.
There are no items here.
You now have 286 gold pieces (gained 24).
The boulder beetle hits you!!!
Ouch! That really hurt!
You die...

### ###@##
#C##B# ######
#.)○## .....#
#B##.# .....#
##○# #Y. .....#
##B.# .##
.....#### #..##
.
........####.##
##
........#....#


You could see a boulder beetle (rolling, very poisoned).

Vanquished Creatures
  Gastronok (D:8)
  An ogre mage (D:11)
  Erica (D:11)
  2 two-headed ogres
  Sonja (D:10)
  A deep elf pyromancer (D:11)
  A manticore (D:11)
  A gargoyle (D:10)
  Joseph (D:7)
  A komodo dragon (D:11)
  A troll (D:11)
  4 spriggans (Bailey)
  22 yaks
  3 hogs (D:10)
  A human (D:10)
  3 steam dragons
  Grum (D:8)
  3 wargs
  5 water moccasins
  9 orc warriors
  4 wolves (D:8)
  2 ice beasts (D:8)
  A sky beast (D:7)
  6 ogres
  3 centaurs
  A phantom (D:5)
  3 kobold brigands
  5 bullfrogs
  A gnoll sergeant (D:9)
  2 scorpions
  6 wights
  3 killer bees (D:9)
  4 electric eels
  2 howler monkeys
  2 hounds
  6 jellies
  A gnoll bouda (D:6)
  7 orc priests
  6 iguanas
  A sleepcap (D:5)
  Natasha (thrice) (D:2)
  15 orc wizards
  Terence (D:2)
  Robin (D:2)
  14 gnolls
  7 adders
  2 white imps
  2 ufetubi
  3 worms
  46 orcs
  13 ball pythons
  7 endoplasms
  5 giant cockroaches
  21 goblins
  11 hobgoblins
  14 jackals
  10 quokkas
  6 bats
  4 frilled lizards
  20 kobolds
  4 rats
338 creatures vanquished.

Vanquished Creatures (others)
  A yak (D:10)
  An orc wizard (D:9)
  An orc (D:9)
3 creatures vanquished.

Grand Total: 341 creatures vanquished

Notes
Turn   | Place    | Note
-------+----------+-------------------------------------------
     0 | D:5      | drugrobin the Demigod Delver began the quest for the Orb.
     0 | D:5      | Reached XP level 1. HP: 18/18 MP: 3/3
    10 | D:5      | Noticed a sleepcap
    76 | D:5      | Noticed an iguana
   213 | D:4      | Reached skill level 2 in Axes
   353 | D:5      | Noticed an orc wizard
   377 | D:4      | Found a staircase to the Ecumenical Temple.
   479 | D:4      | Reached XP level 2. HP: 25/25 MP: 4/4
   700 | D:3      | Reached skill level 3 in Axes
   899 | D:3      | Reached XP level 3. HP: 30/30 MP: 5/5
  1176 | D:4      | Reached skill level 4 in Axes
  1176 | D:4      | Reached XP level 4. HP: 14/37 MP: 6/6
  2442 | D:2      | Reached skill level 5 in Axes
  2454 | D:2      | Reached XP level 5. HP: 37/41 MP: 7/7
  2472 | D:2      | Noticed Robin
  2489 | D:2      | Killed Robin
  2708 | D:2      | Noticed Natasha
  2716 | D:2      | Killed Natasha
  3354 | D:2      | Noticed Terence
  3366 | D:2      | Killed Terence
  3607 | D:2      | Noticed Natasha
  3614 | D:2      | Killed Natasha
  3844 | D:2      | Noticed Natasha
  3848 | D:2      | Killed Natasha
  3849 | D:2      | Reached skill level 6 in Axes
  3849 | D:2      | Reached XP level 6. HP: 43/50 MP: 8/8
  4968 | D:5      | Reached skill level 7 in Axes
  5031 | D:5      | Reached XP level 7. HP: 53/56 MP: 9/9
  5145 | D:5      | Found Gozag's Platinum Reserve.
  5377 | D:5      | Reached skill level 8 in Axes
  6132 | D:6      | Reached skill level 9 in Axes
  6246 | D:6      | Found Uraniti's General Store.
  6248 | D:6      | Found Keogoh's General Store.
  6248 | D:6      | Found Gucoabb's Magic Scroll Shop.
  6346 | D:6      | Reached XP level 8. HP: 52/62 MP: 10/10
  6349 | D:6      | Found Umyaluics's Distillery.
  6379 | D:6      | Bought a scroll of enchant weapon for 97 gold pieces
  6379 | D:6      | Bought a scroll of identify for 26 gold pieces
  6379 | D:6      | Bought a scroll of poison for 52 gold pieces
  6379 | D:6      | Bought a potion of lignification for 39 gold pieces
  6387 | D:6      | Bought a scroll of identify for 26 gold pieces
  7156 | D:6      | Reached skill level 10 in Axes
  8406 | D:7      | Noticed Joseph
  8649 | D:7      | Killed Joseph
  8650 | D:7      | Reached skill level 11 in Axes
  8650 | D:7      | Reached skill level 1 in Evocations
  9150 | D:8      | Reached XP level 9. HP: 68/68 MP: 11/11
  9151 | D:8      | Noticed Gastronok
  9211 | D:8      | Killed Gastronok
  9212 | D:8      | Reached skill level 12 in Axes
 10256 | D:8      | Reached skill level 13 in Axes
 10257 | D:8      | Noticed Grum
 10310 | D:8      | Killed Grum
 10311 | D:8      | Reached XP level 10. HP: 47/74 MP: 13/13
 11334 | D:9      | Identified the +1 leather armour of Liberty {Str+3 Dex+7}
 11441 | D:9      | Found a flagged portal.
 11460 | Bailey   | Entered a bailey
 11684 | Bailey   | Reached skill level 14 in Axes
 11699 | Bailey   | Noticed a two-headed ogre
 11720 | Bailey   | Killed a two-headed ogre
 11886 | Bailey   | Identified the +0 steam dragon scales "Lufiumm" {rF+ Int+4
                  | Dex+3}
 12569 | D:9      | Found a staircase to the Lair.
 12783 | D:9      | Reached skill level 15 in Axes
 13294 | D:9      | Learned a level 3 spell: Mephitic Cloud
 13297 | D:9      | Learned a level 2 spell: Call Imp
 13301 | D:9      | Learned a level 3 spell: Swiftness
 13588 | D:10     | Entered Level 10 of the Dungeon
 13591 | D:10     | Reached XP level 11. HP: 81/81 MP: 14/14
 14096 | D:10     | Reached skill level 16 in Axes
 14459 | D:10     | Noticed Sonja
 14471 | D:10     | Killed Sonja
 14636 | D:10     | Found a staircase to the Orcish Mines.
 14726 | D:10     | Noticed a two-headed ogre
 14737 | D:10     | Killed a two-headed ogre
 14738 | D:10     | Reached skill level 1 in Spellcasting
 15134 | D:11     | Noticed Erica
 15141 | D:11     | Killed Erica
 15241 | D:11     | Noticed a deep elf pyromancer
 15807 | D:11     | Noticed a deep elf pyromancer
 15822 | D:11     | Killed a deep elf pyromancer
 15984 | D:11     | Noticed an ogre mage
 16002 | D:11     | Killed an ogre mage
 16005 | D:11     | Noticed a boulder beetle
 16019 | D:11     | Mangled by a boulder beetle

Illustrated notes

Levels and vault maps discovered:
D:1:      dpeg_arrival_arbitrary_c, layout_basic, minmay_distorted
D:2:      wad_crossroads, layout_loops_corners, basic_altar,
          minmay_divided_ellipse, uniq_natasha, uniq_robin, uniq_terence
D:3:      layout_basic, hellmonk_ecumenical_altar_zigzags
D:4:      layout_cave_pools, lemuel_coloured_pillars_altar,
          minmay_temple_entry_antechambers
D:5:      layout_basic, mainiacjoe_overflow_catwalk, lemuel_doored_altar,
          nicolae_gozag_zags_fifth_avenue, chequers_serial_rivers_marsh,
          minmay_misc_feat_cross
D:6:      layout_loops_cross, nicolae_overflow_hallway_of_the_gods,
          kennysheep_okawaru_gauntlet, nicolae_elyvilon_temple_path,
          minmay_shop_grid_forest, minmay_splitting_lines
D:7:      layout_layer_cave, grunt_decor_junction, uniq_joseph
D:8:      layout_loops_cross, minmay_misc_feat_roman, jiyva_altar_1,
          uniq_gastronok, uniq_grum
D:9:      layout_roguey, nzn_hepliaklqana_mist_gate, trog_butcher_becter,
          lemuel_tele_altar, erik_lair_orcish_takeover, enter_bailey_5
D:10:     layout_loops_ring, mainiacjoe_overflow_24_doors, orc_0_dummy,
          grunt_livestock, uniq_sonja
D:11:     minmay_cornered_nines, layout_basic, grunt_tough_drop, uniq_erica

Skill      XL: |  1  2  3  4  5  6  7  8  9 10 11 |
---------------+----------------------------------+-----
Axes           | 2 3 4 5 6 7 9 11 13 15 16 | 16.9
Evocations     | 2 4 |  4.0
Spellcasting   | 4 |  4.1
Fighting       | |  2.6
Dodging        | |  1.7
Stealth        | |  4.5

Action                     |  1- 3 |  4- 6 |  7- 9 | 10-12 || total
---------------------------+-------+-------+-------+-------++-------
  Melee: Hand axe          |    83 |   183 |   107 |       ||   373
         Punch             |     1 |     3 |     1 |     4 ||     9
         Dagger            |       |     5 |     7 |       ||    12
         Whip              |       |     9 |    57 |    12 ||    78
         War axe           |       |       |    52 |   258 ||   310
         Trident           |       |       |       |     3 ||     3
   Fire: Sling             |       |    61 |   123 |    97 ||   281
  Throw: Dart              |     7 |     4 |     1 |    17 ||    29
         Stone             |     1 |       |     1 |       ||     2
         Javelin           |     2 |       |       |       ||     2
         Throwing net      |       |       |     1 |       ||     1
         Boomerang         |       |       |     3 |     8 ||    11
   Cast: Mephitic Cloud    |       |       |       |     2 ||     2
         Call Imp          |       |       |       |     2 ||     2
  Evoke: Wand              |       |       |     2 |    18 ||    20
    Use: Scroll            |       |       |     7 |     4 ||    11
         Potion            |       |       |     1 |       ||     1
   Stab: Sleeping          |     1 |       |       |     1 ||     2
         Held in net/web   |       |       |     1 |       ||     1
         Distracted        |       |       |       |     1 ||     1
         Confused          |       |       |       |     2 ||     2
 Armour: Robe              |     5 |       |       |       ||     5
         Chain mail        |    13 |    82 |    65 |     3 ||   163
         Leather armour    |       |       |    12 |     7 ||    19
         Steam dragon scal |       |       |       |    28 ||    28
         Troll leather arm |       |       |       |     2 ||     2
  Dodge: Dodged            |    49 |    90 |   115 |   136 ||   390

Table legend: (Time is in decaauts)
 A = Elapsed time spent in this place.
 B = Non-inter-level travel time spent in this place.
 C = Inter-level travel time spent in this place.
 D = Time resting spent in this place.
 E = Time spent auto-exploring this place.
 F = Levels seen in this place.
 G = Mean time per level.
                   A        B        C        D        E       F      G
               +--------+--------+--------+--------+--------+-----+--------+
         Total |  16174 |  15435 |    739 |   3248 |   8025 |  12 | 1347.8 |
       Dungeon |  15486 |  14747 |    739 |   2895 |   7899 |  11 | 1407.8 |
        Bailey |    687 |    687 |      0 |    353 |    125 |   1 |  687.0 |
               +--------+--------+--------+--------+--------+-----+--------+

Top non-repeatable levels by time:
     D:7: 1941 daAuts
     D:6: 1927 daAuts
     D:8: 1918 daAuts
     D:2: 1643 daAuts
    D:10: 1556 daAuts
     D:9: 1312 daAuts
     D:5: 1303 daAuts
     D:3: 1178 daAuts
     D:4: 1011 daAuts
    D:11: 891 daAuts
     D:1: 803 daAuts
  Bailey: 687 daAuts
